MLB
SAN FRANCISCO GIANTS @ COLORADO ROCKIES
09/24/2048
 
TOP OF THE 1ST
San Francisco Giants batting - Pitching for Colorado Rockies : RHP Colin Lancey Jr.
Pitching: RHP Colin Lancey Jr.
Batting: LHB Andy Bowman 0-0: Ball
1-0: Foul Ball, location: 2F
1-1: Ball
2-1: Ground out U3 (Groundball, 34, EV 85.6 MPH)
Batting: RHB Lucan Esini 0-0: Ball
1-0: Called Strike
1-1: Ball
2-1: Called Strike
2-2: Ground out 5-3 (Groundball, 56S, EV 93.8 MPH)
Batting: RHB Sean Zielinski 0-0: Called Strike
0-1: Foul Ball, location: 2F
0-2: Ball
1-2: Fly out, F2 (Popup, 3SF, EV 79.4 MPH)
Top of the 1st over - 0 runs, 0 hits, 0 errors, 0 left on base; San Francisco 0 - Colorado 0
BOTTOM OF THE 1ST
Colorado Rockies batting - Pitching for San Francisco Giants : RHP Ricky Rodriguez
Pitching: RHP Ricky Rodriguez
Batting: SHB Eddie Quinones 0-0: Ball
1-0: Ball
2-0: Ball
3-0: Base on Balls
Batting: LHB Freddy Troncoso 0-0: Ball
1-0: Ball
2-0: Called Strike
Eddie Quinones steals 2nd base
2-1: Foul Ball, location: 2F
2-2: Fly out, F9 (Flyball, 9LM, EV 94.4 MPH)
Batting: LHB Shawn Morrison 0-0: Ball
1-0: Foul Ball, location: 2F
1-1: Foul Ball, location: 2F
1-2: Ground out 6-3 (Groundball, 6, EV 83.1 MPH)
Eddie Quinones to third
Batting: RHB Henry Alvizo 0-0: Swinging Strike
0-1: Called Strike
0-2: Strikes out swinging
Bottom of the 1st over - 0 runs, 0 hits, 0 errors, 1 left on base; San Francisco 0 - Colorado 0
TOP OF THE 2ND
San Francisco Giants batting - Pitching for Colorado Rockies : RHP Colin Lancey Jr.
Batting: LHB Jack Henningar 0-0: SOLO HOME RUN (Flyball, 78XD, EV 98.8 MPH), Distance : 402 ft
Batting: SHB Ryan Doss 0-0: Ball
1-0: Called Strike
1-1: Called Strike
1-2: Ball
2-2: Strikes out swinging
Batting: LHB Carey Horncole 0-0: Ball
1-0: Ball
2-0: Ball
3-0: Called Strike
3-1: Called Strike
3-2: Foul Ball, location: 2F
3-2: SOLO HOME RUN (Flyball, 9D, EV 95.6 MPH), Distance : 377 ft
Batting: RHB Nick Rigden 0-0: Ball
1-0: Fly out, F7 (Flyball, 7, EV 88.8 MPH)
Batting: LHB Luis Magdaleno 0-0: Foul Ball, location: 2F
0-1: Ball
1-1: Ball
2-1: Swinging Strike
2-2: Ground out 6-3 (Groundball, 6, EV 88.1 MPH)
Top of the 2nd over - 2 runs, 2 hits, 0 errors, 0 left on base; San Francisco 2 - Colorado 0
BOTTOM OF THE 2ND
Colorado Rockies batting - Pitching for San Francisco Giants : RHP Ricky Rodriguez
Batting: RHB Ryan Rinaldi 0-0: Called Strike
0-1: Foul Ball, location: 2F
0-2: Ball
1-2: Foul Ball, location: 2F
1-2: Strikes out swinging
Batting: SHB Jon Munoz 0-0: Ball
1-0: Foul Ball, location: 2F
1-1: Foul Ball, location: 2F
1-2: Strikes out swinging
Batting: SHB Andy Vivas 0-0: Fly out, F4 (Line Drive, 4, EV 71.9 MPH)
Bottom of the 2nd over - 0 runs, 0 hits, 0 errors, 0 left on base; San Francisco 2 - Colorado 0
TOP OF THE 3RD
San Francisco Giants batting - Pitching for Colorado Rockies : RHP Colin Lancey Jr.
Batting: SHB Bill Dooms 0-0: Ball
1-0: Called Strike
1-1: Foul Ball, location: 2F
1-2: Foul Ball, location: 2F
1-2: Foul Ball, location: 2F
1-2: Ground out 4-3 (Groundball, 4D, EV 101.9 MPH)
Batting: LHB Andy Bowman 0-0: Swinging Strike
0-1: Called Strike
0-2: Foul Ball, location: 2F
0-2: Strikes out swinging
Batting: RHB Lucan Esini 0-0: Swinging Strike
0-1: Foul Ball, location: 2F
0-2: Strikes out looking
Top of the 3rd over - 0 runs, 0 hits, 0 errors, 0 left on base; San Francisco 2 - Colorado 0
BOTTOM OF THE 3RD
Colorado Rockies batting - Pitching for San Francisco Giants : RHP Ricky Rodriguez
Batting: RHB Justin Williams 0-0: Ball
1-0: Called Strike
1-1: Ball
2-1: Fly out, F8 (Flyball, 8RD, EV 104.4 MPH)
Batting: RHB Bobby Bowman 0-0: Called Strike
0-1: Foul Ball, location: 2F
0-2: Ball
1-2: Fly out, F7 (Flyball, 78S, EV 91.2 MPH)
Batting: SHB Eddie Quinones 0-0: Ball
1-0: Called Strike
1-1: Ball
2-1: Fly out, F9 (Flyball, 89S, EV 91.2 MPH)
Bottom of the 3rd over - 0 runs, 0 hits, 0 errors, 0 left on base; San Francisco 2 - Colorado 0
TOP OF THE 4TH
San Francisco Giants batting - Pitching for Colorado Rockies : RHP Colin Lancey Jr.
Batting: RHB Sean Zielinski 0-0: Ball
1-0: Foul Ball, location: 2F
1-1: Ball
2-1: Swinging Strike
2-2: Ball
3-2: Strikes out swinging
Batting: LHB Jack Henningar 0-0: Called Strike
0-1: TRIPLE (Flyball, 89XD, EV 95.0 MPH)
Batting: SHB Ryan Doss 0-0: Ball
1-0: Ground out U3 (Groundball, 34, EV 80.6 MPH)
Jack Henningar scores
Batting: LHB Carey Horncole 0-0: Ball
1-0: Ball
2-0: Foul Ball, location: 2F
2-1: Foul Ball, location: 2F
2-2: Strikes out looking
Top of the 4th over - 1 run, 1 hit, 0 errors, 0 left on base; San Francisco 3 - Colorado 0
BOTTOM OF THE 4TH
Colorado Rockies batting - Pitching for San Francisco Giants : RHP Ricky Rodriguez
Batting: LHB Freddy Troncoso 0-0: SINGLE (Groundball, 23, EV 71.9 MPH) (infield hit)
Batting: LHB Shawn Morrison 0-0: Called Strike
0-1: Swinging Strike
0-2: Foul Ball, location: 2F
0-2: Ball
1-2: Ball
2-2: DOUBLE (Line Drive, 78XD, EV 100.6 MPH)
Freddy Troncoso to third
Batting: RHB Henry Alvizo 0-0: Ball
1-0: Called Strike
1-1: Ball
2-1: Called Strike
2-2: Strikes out swinging
Batting: RHB Ryan Rinaldi 0-0: Ball
1-0: Ball
2-0: Called Strike
2-1: DOUBLE (Line Drive, 9LS, EV 95.6 MPH)
Freddy Troncoso scores
Shawn Morrison scores
Batting: SHB Jon Munoz 0-0: Foul Ball, location: 2F
0-1: Ball
1-1: Swinging Strike
1-2: Foul Ball, location: 2F
1-2: Ball
2-2: Strikes out looking
Batting: SHB Andy Vivas 0-0: Foul Ball, location: 2F
0-1: Swinging Strike
0-2: Ball
1-2: Ball
2-2: Ball
3-2: Fly out, F9 (Flyball, 9, EV 90.0 MPH)
Bottom of the 4th over - 2 runs, 3 hits, 0 errors, 1 left on base; San Francisco 3 - Colorado 2
TOP OF THE 5TH
San Francisco Giants batting - Pitching for Colorado Rockies : RHP Colin Lancey Jr.
Batting: RHB Nick Rigden 0-0: Ball
1-0: Foul Ball, location: 2F
1-1: SINGLE (Groundball, 56S, EV 70.6 MPH) (infield hit)
Batting: LHB Luis Magdaleno 0-0: Called Strike
Nick Rigden is caught stealing 2nd base 2-6
0-1: Ball
1-1: Ball
2-1: Fly out, F8 (Line Drive, 78M, EV 93.1 MPH)
Batting: SHB Bill Dooms 0-0: Ball
1-0: Called Strike
1-1: Ball
2-1: DOUBLE (Flyball, 7D, EV 105.6 MPH)
Batting: LHB Andy Bowman 0-0: Ball
1-0: Called Strike
1-1: Swinging Strike
1-2: Foul Ball, location: 2F
1-2: Ball
2-2: Ball
3-2: Ground out 6-3 (Groundball, 6, EV 84.4 MPH)
Top of the 5th over - 0 runs, 2 hits, 0 errors, 1 left on base; San Francisco 3 - Colorado 2
BOTTOM OF THE 5TH
Colorado Rockies batting - Pitching for San Francisco Giants : RHP Ricky Rodriguez
Batting: RHB Justin Williams 0-0: Ball
1-0: Ball
2-0: Swinging Strike
2-1: Called Strike
2-2: Ground out 5-3 (Groundball, 56, EV 84.4 MPH)
Batting: RHB Bobby Bowman 0-0: Fly out, F8 (Flyball, 8LM, EV 86.2 MPH)
Batting: SHB Eddie Quinones 0-0: Ground out 5-3 (Groundball, 25, EV 89.4 MPH)
Bottom of the 5th over - 0 runs, 0 hits, 0 errors, 0 left on base; San Francisco 3 - Colorado 2
TOP OF THE 6TH
San Francisco Giants batting - Pitching for Colorado Rockies : RHP Colin Lancey Jr.
Batting: RHB Lucan Esini 0-0: Fly out, F2 (Popup, 23F, EV 90.6 MPH)
Batting: RHB Sean Zielinski 0-0: Foul Ball, location: 2F
0-1: Fly out, F9 (Flyball, 9LM, EV 89.4 MPH)
Batting: LHB Jack Henningar 0-0: Ball
1-0: Foul Ball, location: 2F
1-1: Ground out U3 (Groundball, 34, EV 85.0 MPH)
Top of the 6th over - 0 runs, 0 hits, 0 errors, 0 left on base; San Francisco 3 - Colorado 2
BOTTOM OF THE 6TH
Colorado Rockies batting - Pitching for San Francisco Giants : RHP Ricky Rodriguez
Batting: LHB Freddy Troncoso 0-0: Called Strike
0-1: Bunted foul
0-2: Ball
1-2: Foul Ball, location: 2F
1-2: Ball
2-2: Foul Ball, location: 2F
2-2: Foul Ball, location: 2F
2-2: Strikes out swinging
Batting: LHB Shawn Morrison 0-0: Foul Ball, location: 2F
0-1: Foul Ball, location: 2F
0-2: Foul Ball, location: 2F
0-2: Ball
1-2: Ball
2-2: Foul Ball, location: 2F
2-2: Foul Ball, location: 2F
2-2: Strikes out swinging
Batting: RHB Henry Alvizo 0-0: Foul Ball, location: 2F
0-1: Ball
1-1: Foul Ball, location: 2F
1-2: Fly out, F8 (Flyball, 8RXD, EV 86.2 MPH)
Bottom of the 6th over - 0 runs, 0 hits, 0 errors, 0 left on base; San Francisco 3 - Colorado 2
TOP OF THE 7TH
San Francisco Giants batting - Pitching for Colorado Rockies : RHP Colin Lancey Jr.
Batting: SHB Ryan Doss 0-0: Swinging Strike
0-1: Called Strike
0-2: Strikes out swinging
Batting: LHB Carey Horncole 0-0: Called Strike
0-1: Called Strike
0-2: Ball
1-2: Foul Ball, location: 2F
1-2: Foul Ball, location: 2F
1-2: Ball
2-2: Foul Ball, location: 2F
2-2: Strikes out swinging
Batting: RHB Nick Rigden 0-0: Ball
1-0: Fly out, F6 (Line Drive, 56D, EV 67.5 MPH)
Top of the 7th over - 0 runs, 0 hits, 0 errors, 0 left on base; San Francisco 3 - Colorado 2
BOTTOM OF THE 7TH
Colorado Rockies batting - Pitching for San Francisco Giants : RHP Ricky Rodriguez
Batting: RHB Ryan Rinaldi 0-0: Ball
1-0: Called Strike
1-1: Ball
2-1: Foul Ball, location: 2F
2-2: Ball
3-2: Strikes out looking
Pitching: RHP Filip Nebylitsin
Batting: SHB Jon Munoz 0-0: Called Strike
0-1: Foul Ball, location: 2F
0-2: Strikes out swinging
Batting: SHB Andy Vivas 0-0: Foul Ball, location: 2F
0-1: Called Strike
0-2: Ball
1-2: Strikes out swinging
Bottom of the 7th over - 0 runs, 0 hits, 0 errors, 0 left on base; San Francisco 3 - Colorado 2
TOP OF THE 8TH
San Francisco Giants batting - Pitching for Colorado Rockies : RHP Colin Lancey Jr.
Batting: LHB Luis Magdaleno 0-0: Ball
1-0: Ball
2-0: Ball
3-0: Called Strike
3-1: Called Strike
3-2: Foul Ball, location: 2F
3-2: Strikes out swinging
Batting: SHB Bill Dooms 0-0: Called Strike
0-1: SINGLE (Groundball, 3S, EV 66.2 MPH) (infield hit)
Batting: LHB Andy Bowman 0-0: Swinging Strike
0-1: Foul Ball, location: 2F
0-2: Ball
1-2: Strikes out swinging
Batting: RHB Lucan Esini 0-0: Foul Ball, location: 2F
0-1: Ball
1-1: Ball
2-1: Foul Ball, location: 2F
2-2: Strikes out looking
Top of the 8th over - 0 runs, 1 hit, 0 errors, 1 left on base; San Francisco 3 - Colorado 2
BOTTOM OF THE 8TH
Colorado Rockies batting - Pitching for San Francisco Giants : RHP Filip Nebylitsin
Batting: RHB Justin Williams 0-0: Called Strike
0-1: Foul Ball, location: 2F
0-2: Fly out, F8 (Flyball, 8RD, EV 104.4 MPH)
Batting: RHB Bobby Bowman 0-0: Ground out 6-3 (Groundball, 6, EV 101.9 MPH)
Batting: SHB Eddie Quinones 0-0: Foul Ball, location: 2F
0-1: Foul Ball, location: 2F
0-2: Ball
1-2: Foul Ball, location: 2F
1-2: Strikes out swinging
Bottom of the 8th over - 0 runs, 0 hits, 0 errors, 0 left on base; San Francisco 3 - Colorado 2
TOP OF THE 9TH
San Francisco Giants batting - Pitching for Colorado Rockies : RHP Colin Lancey Jr.
Batting: RHB Sean Zielinski 0-0: Ball
1-0: Called Strike
1-1: Ball
2-1: Swinging Strike
2-2: Ball
3-2: Foul Ball, location: 2F
3-2: Foul Ball, location: 2F
3-2: Base on Balls
Pitching: RHP Tony Campos
Batting: LHB Jack Henningar 0-0: Called Strike
0-1: Called Strike
0-2: Fly out, F8 (Flyball, 8RD, EV 106.9 MPH)
Batting: SHB Ryan Doss 0-0: Ball
Sean Zielinski is caught stealing 2nd base 2-6
1-0: Ball
2-0: Ball
3-0: Base on Balls
Batting: LHB Carey Horncole 0-0: Called Strike
0-1: Ball
1-1: Ball
2-1: Ball
3-1: Swinging Strike
3-2: Foul Ball, location: 2F
3-2: Strikes out swinging
Top of the 9th over - 0 runs, 0 hits, 0 errors, 1 left on base; San Francisco 3 - Colorado 2
BOTTOM OF THE 9TH
Colorado Rockies batting - Pitching for San Francisco Giants : RHP Filip Nebylitsin
Pitching: RHP Andrew Kindig
Batting: LHB Freddy Troncoso 0-0: Foul Ball, location: 2F
0-1: Foul Ball, location: 2F
0-2: Foul Ball, location: 2F
0-2: Ball
1-2: Ball
2-2: Ball
3-2: Foul Ball, location: 2F
3-2: Strikes out swinging
Batting: LHB Shawn Morrison 0-0: Ball
1-0: Ball
2-0: Ball
3-0: Base on Balls
Batting: RHB Henry Alvizo 0-0: Swinging Strike
0-1: Ball
1-1: Foul Ball, location: 2F
1-2: Fly out, F9 (Line Drive, 9, EV 105.0 MPH)
Batting: RHB Ryan Rinaldi 0-0: Swinging Strike
0-1: Ball
1-1: Ball
2-1: Called Strike
2-2: Strikes out swinging
Bottom of the 9th over - 0 runs, 0 hits, 0 errors, 1 left on base; San Francisco 3 - Colorado 2
Tuesday, March 28th , 2023 - OOTP Baseball 23.10 Build 110